 Dungeon Crawl Stone Soup version 0.29-a0-322-g68df515428 (webtiles) character file.

Game seed: 3665423170815038356

198 bande the Covered (level 5, -3/33 HPs)
             Began as a Gargoyle Fighter on Apr 6, 2022.
             Slain by an orc warrior
             ... wielding a +0 battleaxe
              (16 damage)
             ... on level 3 of the Dungeon.
             The game lasted 00:04:03 (2377 turns).

bande the Covered (Gargoyle Fighter)                Turns: 2377, Time: 00:04:04

Health: -3/33      AC: 14    Str: 19    XL:     5   Next: 76%
Magic:  5/5        EV:  7    Int:  9    God:
Gold:   115        SH:  4    Dex: 11    Spells: 4/4 levels left

rFire   . . .      SeeInvis .   a - +1 war axe
rCold   + . .      Faith    .   c - +0 buckler
rNeg    + . .      Spirit   .   h - +0 chain mail
rPois   ∞          Reflect  .   (no helmet)
rElec   +          Harm     .   (no cloak)
rCorr   +          Rampage  .   (no gloves)
Will    +....                   p - +0 pair of boots "Vukus" {rC+ Will+}
Stlth   ..........              (no amulet)
HPRegen 0.11/turn               k - ring of resist corrosion
MPRegen 0.09/turn               (no ring)

@: no status effects
A: sickness immunity, AC +4, negative energy resistance 1, electricity
resistance, torment resistance 1, petrification resistance
a: no special abilities


You were on level 3 of the Dungeon.
You visited 1 branch of the dungeon, and saw 3 of its levels.

You collected 115 gold pieces.

Inventory:

Hand Weapons
 a - a +1 war axe (weapon)
 e - a +0 flail
 l - a +0 war axe
Armour
 c - a +0 buckler (worn)
 h - a +0 chain mail (worn)
 p - the +0 pair of boots "Vukus" (worn) {rC+ Will+}
   (You acquired it on level 3 of the Dungeon)

   rC:        It protects you from cold.
   Will:      It increases your willpower.
Jewellery
 b - an amulet of the acrobat
 k - a ring of resist corrosion (left hand)
 m - a ring of wizardry
 o - a ring of fire
Potions
 d - 2 potions of might
 f - 2 potions of curing
 g - a potion of magic
 i - a potion of mutation {unknown}
 j - a potion of berserk rage {unknown}
 n - 2 potions of flight {unknown}


   Skills:
 + Level 4.2 Fighting
 + Level 3.6 Axes
 + Level 4.3 Armour
 + Level 4.0 Shields


You had 4 spell levels left.
You didn't know any spells.
Your spell library was empty.

Dungeon Overview and Level Annotations

Branches:
Dungeon (3/15)

Altars:
Ashenzari


Innate Abilities, Weirdness & Mutations

You are immune to sickness and miasma.
Your stone body is resilient. (AC +4)
You are immune to poison.
You resist negative energy. (rN+)
You are resistant to electric shocks. (rElec)
You are resistant to unholy torment.
You are immune to petrification.


Message History

The gnoll hits you with a +0 short sword.
You block the gnoll's attack.
Unknown command.
You barely miss the gnoll. You hit the gnoll.
You kill the gnoll!
You block the gnoll's attack. The gnoll hits you with a +0 mace.
Your Shields skill increases to level 4!
You hit the gnoll.
The gnoll is moderately wounded.
The gnoll closely misses you.
The gnoll hits you from afar with a +0 trident.
Unknown command.
The gnoll hits you but does no damage. The gnoll hits you with a +0 trident!
You see here a +0 short sword.
You hit the gnoll.
The gnoll is heavily wounded.
You slash the gnoll!
The gnoll hits you but does no damage. x2
An orc priest comes into view. It is wielding a +0 hand axe.
An orc comes into view. It is wielding a +0 dagger.
The gnoll hits you with a +0 trident. The gnoll hits you but does no damage.
The orc shouts!
You hit the gnoll.
The gnoll is severely wounded.
You slash the gnoll!
You kill the gnoll!
You hear a shout!
The gnoll hits you with a +0 trident.
You hit the gnoll.
You kill the gnoll!
An orc wizard comes into view. It is wielding a +0 whip.
You hit the orc.
The orc is lightly wounded.
The orc hits you but does no damage.
You slash the orc warrior!
The orc warrior is moderately wounded.
Found a whip.
You hear the quick rusting of a very distant drain.
The ice beast hits you but does no damage.
The orc warrior hits you with a +0 battleaxe!
You die...

.. #............#
.#.# #............#
..... #............#
#.#.###............#
.....#............#
#[#.#.#............#
......)............#
.#.#.#o#)############
.....oY@o..#
.#...o##.#.# .....
#..... .#.# ..#.#.#
.. ........ . ..#
#)#.# .... .... .# #.


You could see an orc warrior, an ice beast, an orc wizard and 2 orcs.

Vanquished Creatures
  A hound (D:3)
  6 gnolls
  4 adders (D:2)
  2 worms (D:3)
  2 dart slugs
  8 endoplasms
  2 giant cockroaches
  5 goblins
  6 hobgoblins
  3 kobolds
  6 quokkas
  5 ball pythons
  5 bats
  3 frilled lizards
  7 rats
65 creatures vanquished.

Notes
Turn   | Place    | Note
-------+----------+-------------------------------------------
     0 | D:1      | bande the Gargoyle Fighter began the quest for the Orb.
     0 | D:1      | Reached XP level 1. HP: 14/14 MP: 1/1
   184 | D:1      | Reached XP level 2. HP: 19/19 MP: 2/2
   209 | D:1      | Found a faded altar of an unknown god.
   436 | D:1      | Reached XP level 3. HP: 21/24 MP: 3/3
   505 | D:1      | You fall into a shaft and drop 1 floor!
   759 | D:1      | Reached XP level 4. HP: 29/29 MP: 4/4
  1247 | D:2      | Reached XP level 5. HP: 9/33 MP: 5/5
  2005 | D:3      | Found a broken altar of Ashenzari.
  2016 | D:3      | Identified a scroll of acquirement
  2016 | D:3      | Acquired the +0 pair of boots "Vukus" {rC+ Will+}
  2367 | D:3      | Noticed an ice beast
  2368 | D:3      | Noticed an orc warrior
  2377 | D:3      | Slain by an orc warrior

Illustrated notes

Levels and vault maps discovered:
D:1:      shiori_arrival_elements, layout_basic,
          ebering_ecumenical_altar_abandoned, grunt_decor_arrowhead
D:2:      layout_loops_ring, minmay_hexomino_c4
D:3:      layout_basic, mainiacjoe_overflow_small_starburst, ashenzari_altar_1,
          ebering_ghost_inner_flame, gup_sewer_entry_pipe,
          minmay_misc_feat_ornament, hangedman_decor_riveting

Skill      XL: |  1  2  3  4  5 |
---------------+----------------+-----
Axes           | 2 3 |  3.6
Fighting       | 4 |  4.2
Armour         | 4 |  4.3
Shields        | 4 |  4.0

Action                   |  1- 3 |  4- 6 || total
-------------------------+-------+-------++-------
Melee: War axe           |    96 |   107 ||   203
  Use: Scroll            |     3 |     4 ||     7
Armor: Scale mail        |    27 |       ||    27
       Chain mail        |    46 |    77 ||   123
Dodge: Dodged            |    49 |    34 ||    83
Block: Buckler           |    23 |    25 ||    48

Table legend: (Time is in decaauts)
 A = Elapsed time spent in this place.
 B = Non-inter-level travel time spent in this place.
 C = Inter-level travel time spent in this place.
 D = Time resting spent in this place.
 E = Time spent auto-exploring this place.
 F = Levels seen in this place.
 G = Mean time per level.
                   A        B        C        D        E       F      G
               +--------+--------+--------+--------+--------+-----+--------+
         Total |   2459 |   2423 |     36 |    347 |   1478 |   3 |  819.7 |
       Dungeon |   2459 |   2423 |     36 |    347 |   1478 |   3 |  819.7 |
               +--------+--------+--------+--------+--------+-----+--------+

Top non-repeatable levels by time:
     D:2: 1165 daAuts
     D:1: 789 daAuts
     D:3: 505 daAuts
